 Dungeon Crawl Stone Soup version 0.28-a0-563-gf77a47075d (webtiles) character file.

Game seed: 3211015023186347467

105790 poop123 the Wrestler (level 15, 0/121 (131) HPs)
             Began as a Troll Monk on Sept 28, 2021.
             Was the Champion of Ru.
             Slain by a two-headed ogre (13 damage)
             ... on level 15 of the Dungeon on Sept 30, 2021.
             The game lasted 00:52:26 (24404 turns).

poop123 the Wrestler (Troll Monk)                  Turns: 24404, Time: 00:52:27

HP:   0/121 (131)   AC: 20    Str: 28    XL:     15   Next: 95%
MP:   14/14         EV:  8    Int:  6    God:    Ru [******]
Gold: 3670          SH:  0    Dex: 12    Spells: 8/14 levels left

rFire   + + +      SeeInvis .     - Unarmed
rCold   x . .      Faith    .   (no shield)
rNeg    + . .      Spirit   .   I - +2 fire dragon scales
rPois   +          Reflect  .   x - +2 hat
rElec   .          Harm     .   (no cloak)
rCorr   .          Rampage  .   (gloves unavailable)
Will    .....                   (boots unavailable)
Stlth   +.........              l - amulet of magic regeneration
HPRegen 1.30/turn               p - +4 ring of protection
MPRegen 0.39/turn               a - ring of Uskayaw's Outrage {+Blink rPois rF+ rN+ Stlth+}

@: drained
A: large, unfitting armour, claws 3, regeneration 1, shaggy fur 1, tough skin 1,
inability to use devices, no hexes magic, no ice magic, no translocations magic,
weak-willed 1, unskilled 1, missing an eye
a: Renounce Religion, Draw Out Power, Power Leap, Apocalypse


You were on level 15 of the Dungeon.
You worshipped Ru.
Ru was exalted by your worship.
You visited 4 branches of the dungeon, and saw 24 of its levels.
You also visited: Bailey and Volcano.

You collected 3670 gold pieces.

Inventory:

Missiles
 d - 9 throwing nets (quivered)
 H - 14 large rocks
Armour
 w - the +0 ice dragon scales "Siat" {rF- rC++ Dex+2}
   (You acquired it on level 1 of the Swamp)

   Dex:       It affects your dexterity (+2).
   rF:        It makes you vulnerable to fire.
   rC:        It greatly protects you from cold.
 x - a +2 hat (worn)
 I - +2 fire dragon scales (worn)
Jewellery
 a - the ring of Uskayaw's Outrage (right claw) {+Blink rPois rF+ rN+ Stlth+}
   (You acquired it on level 6 of the Lair of Beasts)

   [ring of poison resistance]

   rF:        It protects you from fire.
   rPois:     It protects you from poison.
   rN:        It protects you from negative energy.
   +Blink:    It lets you blink.
   Stlth:     It makes you more stealthy.
 l - an amulet of magic regeneration (around neck)
 o - an amulet of reflection
 p - a +4 ring of protection (left claw)
 D - the ring "Dejorghuo" {Fire rN+ Int+6}
   (You acquired it on level 2 of the Lair of Beasts)

   [ring of fire]

   It enhances your fire magic.
   Int:       It affects your intelligence (+6).
   rF:        It protects you from fire.
   rC:        It makes you vulnerable to cold.
   rN:        It protects you from negative energy.
 L - a +4 ring of protection
Scrolls
 c - a scroll of silence {unknown}
 e - 4 scrolls of immolation
 f - 4 scrolls of fog
 h - 2 scrolls of brand weapon
 j - 2 scrolls of vulnerability
 m - 2 scrolls of magic mapping
 n - a scroll of enchant weapon
 s - a scroll of acquirement
 t - a scroll of fear
 y - 8 scrolls of teleportation
 A - 5 scrolls of noise
 C - 2 scrolls of amnesia
 F - 11 scrolls of identify
 J - a scroll of holy word {unknown}
Potions
 b - 6 potions of haste
 g - 3 potions of attraction {unknown}
 i - 3 potions of flight
 k - 3 potions of ambrosia
 q - 2 potions of cancellation {unknown}
 r - 2 potions of berserk rage {unknown}
 u - 5 potions of curing
 v - 3 potions of degeneration
 z - 3 potions of brilliance {unknown}
 B - a potion of mutation {unknown}
 E - a potion of resistance {unknown}
 G - a potion of might
 M - a potion of magic {unknown}


   Skills:
 * Level 4.6 Fighting
 - Level 1.9 Throwing
 - Level 8.1 Armour
 - Level 2.6 Dodging
 - Level 1.0 Stealth
 * Level 22.9 Unarmed Combat
 * Level 2.6 Transmutations
 * Level 3.1 Earth Magic


You had 8 spell levels left.
You knew the following spells:

 Your Spells              Type           Power      Damage    Failure   Level
a - Statue Form           Tmut/Erth      2%         N/A       100%        6

Your spell library contained the following spells:

 Spells                   Type           Power      Damage    Failure   Level
 Passwall                 Tmut/Erth      2%         N/A       47%         2
 Wereblood                Tmut           3%         N/A       52%         2
 Animate Skeleton         Necr           0%         N/A       75%         1
 Shock                    Conj/Air       0%         1d3       75%         1
 Summon Small Mammal      Summ           0%         N/A       75%         1
 Sublimation of Blood     Necr           0%         N/A       86%         2
 Swiftness                Air            0%         N/A       98%         3
 Vampiric Draining        Necr           0%         2d6       98%         3
 Petrify                  Tmut/Erth      3%         N/A       98%         4
 Airstrike                Air            0%         N/A       100%        4
 Animate Dead             Necr           0%         N/A       100%        4
 Summon Cactus Giant      Summ           0%         N/A       100%        6
 Haunt                    Necr/Summ      0%         N/A       100%        7
 Storm Form               Tmut/Air       0%         N/A       100%        7
 Summon Hydra             Summ           0%         N/A       100%        7
 Borgnjor's Revivificati  Necr           0%         N/A       100%        8
 Infestation              Necr           0%         N/A       100%        8
 Necromutation            Tmut/Necr      0%         N/A       100%        8
 Death's Door             Necr           0%         N/A       100%        9
 Apportation              Tloc           Unusable   N/A       N/A         1
 Blink                    Tloc           Unusable   N/A       N/A         2
 Slow                     Hex            Unusable   N/A       N/A         2
 Confusing Touch          Hex            Unusable   N/A       N/A         3
 Manifold Assault         Tloc           Unusable   N/A       N/A         5
 Metabolic Englaciation   Hex/Ice        Unusable   N/A       N/A         5
 Summon Forest            Summ/Tloc      Unusable   N/A       N/A         5
 Summon Mana Viper        Hex/Summ       Unusable   N/A       N/A         5
 Invisibility             Hex            Unusable   N/A       N/A         6

Dungeon Overview and Level Annotations

Branches:
Dungeon (15/15)            Temple (0/1) D:7            Lair (6/6) D:9
  Swamp (2/4) Lair:3       Spider (1/4) Lair:3        Slime (0/5) Lair:5
    Orc (0/2) D:12         Vaults (0/5) D:13         Bailey (visited)
Volcano (visited)
 Depths: D:15

Altars:
Kikubaaqudgha
Qazlal
Ru
Trog
Uskayaw
Wu Jian
Xom
Yredelemnul
Beogh

Portals:
Trove: D:14 (give 7 scrolls of fear)

Annotations:
D:14 6 runed translucent doors
Spider:1 Mlioglotl, Nikola


Innate Abilities, Weirdness & Mutations

You are too large for most types of armour.
You have claws for hands.
Your natural rate of healing is unusually fast.
You are covered in fur. (AC +1)
You have tough skin. (AC +1)
You cannot study or use magical devices.
You cannot study or cast Hexes magic.
You cannot study or cast Ice magic.
You cannot study or cast Translocations magic.
You are slightly weak-willed. (Will-)
You are somewhat unskilled. (-1 Apt)
You are missing an eye, making it more difficult to aim.


Message History

The two-headed ogre hits you but does no damage.
Something hits you but does no damage.
Items here: ))) †.
You closely miss the two-headed ogre.
The two-headed ogre hits you with a +0 giant club!
* * * LOW HITPOINT WARNING * * *
The two-headed ogre hits you with a +0 giant club.
* * * LOW HITPOINT WARNING * * *
You focus your inner power and blind the two-headed ogre in retribution!
You feel much better.
You hear some strange, mumbled words.
The two-headed ogre seems to speed up.
You barely miss something. Something hits you!
* * * LOW HITPOINT WARNING * * *
You barely miss something. You eviscerate something!!!
Reactivating autopickup.
You feel a bit more experienced.
You eviscerate the two-headed ogre!!!
The two-headed ogre is severely wounded.
The two-headed ogre is stunned by your conviction and fails to attack.
You barely miss the two-headed ogre.
The two-headed ogre is severely wounded.
The two-headed ogre barely misses you.
The two-headed ogre hits you with a +0 giant club.
* * * LOW HITPOINT WARNING * * *
You focus your inner power and blind the two-headed ogre in retribution!
You closely miss the two-headed ogre.
The two-headed ogre is severely wounded.
You feel less exhausted.
The two-headed ogre hits you with a +0 giant club!
* * * LOW HITPOINT WARNING * * *
You focus your inner power and blind the two-headed ogre in retribution!
The two-headed ogre hits you but does no damage.
The two-headed ogre closely misses you. x2
You see here 12 arrows.
The two-headed ogre hits you with a +0 giant club.
* * * LOW HITPOINT WARNING * * *
The two-headed ogre hits you with a +0 giant club!
You die...

#.#).......
#...)......
##)######## #.#
#.## #..#
#.#..##### #####
#....(.O.###...##
#..#####@.#.....##
#.. ##.....†..#
#... #.....<..#
....# #........#
###.. ##......##
#. ..........#
###.......#
#.......#
##.....##


You could see a two-headed ogre (fast, blind).

Vanquished Creatures
  Rupert (D:12)
  Gastronok (D:12)
  Agnes (D:14)
  Kirke (D:15)
  The ghost of Atlas the Geomancer, a journeyman DgEE (D:13)
  A fire dragon (D:11)
  Josephine (Lair:6)
  4 vault guards (D:13)
  4 ogre magi
  13 hydras
  3 boulder beetles
  Harold (D:7)
  An alligator (Lair:3)
  A ghost crab (Swamp:1)
  6 centaur warriors
  9 two-headed ogres
  3 tengu warriors
  3 death yaks (Lair:6)
  Nergalle (Lair:1)
  A sun demon (Volcano)
  A hell knight (Volcano)
  A skeletal warrior (D:13)
  4 goliath frogs
  A spriggan druid (Swamp:1)
  2 wizards
  2 swamp dragons (Swamp:1)
  A bog body (Swamp:2)
  2 deep elf pyromancers
  A lindwurm (Lair:5)
  Pikel (D:4)
  3 wolf spiders (Lair:3)
  4 ugly things
  6 manticores
  3 cyclopes
  3 will-o-the-wisps (Swamp:1)
  Maurice (D:13)
  6 black mambas
  3 elephants (Lair:1)
  2 molten gargoyles (Volcano)
  A gargoyle (D:13)
  Maggie (Lair:1)
  26 cane toads
  15 komodo dragons
  2 unseen horrors (D:10)
  3 kobold demonologists (D:12)
  A rime drake (Lair:6)
  An efreet (D:14)
  A demonic crawler (Lair:3)
  4 yaktaurs
  3 red devils (Volcano)
  A polar bear (shapeshifter) (D:13)
  2 polar bears
  3 meliai
  2 trolls
  7 hornets
  3 tyrant leeches
  9 slime creatures
  22 blink frogs
  4 dream sheep (Lair:6)
  A centaur simulacrum (D:12)
  2 redbacks
  4 tarantellas
  3 wyverns
  9 spriggans (Swamp:1)
  A vampire (D:12)
  3 basilisks
  2 fire bats (Volcano)
  Eustachio (D:6)
  3 wraiths (Lair:6)
  54 yaks
  20 vampire mosquitoes
  A steam dragon (Lair:3)
  A yak (shapeshifter) (D:14)
  A hog (D:14)
  Menkaure (D:6)
  A warg (D:12)
  A hell hound (Volcano)
  6 swamp worms
  3 acid dragons
  20 water moccasins
  A swamp drake (Swamp:1)
  10 orc warriors
  3 black bears
  3 ogres
  8 wolves
  11 centaurs
  A lemure (D:4)
  3 kobold brigands
  8 gnoll sergeants (Bailey)
  16 bullfrogs
  8 scorpions
  2 water moccasin zombies
  10 killer bees
  A howler monkey (D:14)
  3 electric eels
  3 centaur zombies
  2 lava snakes (Volcano)
  A bullfrog zombie (D:5)
  8 hounds
  16 orc priests
  A centaur skeleton (D:6)
  6 gnoll shamans (Bailey)
  4 jellies
  7 iguanas
  10 orc wizards
  2 hound skeletons (D:5)
  A howler monkey zombie (D:9)
  14 gnolls (Bailey)
  A howler monkey skeleton (D:7)
  8 adders
  2 shadow imps
  A white imp (D:6)
  3 adder skeletons (D:4)
  5 worms
  4 dart slugs (D:1)
  53 orcs
  13 ball pythons
  6 endoplasms
  5 giant cockroaches
  10 goblins
  13 hobgoblins
  2 jackals (D:1)
  23 kobolds
  6 quokkas
  9 bats
  5 frilled lizards
  9 rats
  2 bushes
696 creatures vanquished.

Vanquished Creatures (collateral kills)
  A hydra (Swamp:1)
  A black mamba (Lair:1)
  A cane toad (Lair:1)
  A bullfrog (Lair:1)
4 creatures vanquished.

Vanquished Creatures (others)
  2 hydras
  A boulder beetle (Spider:1)
  An alligator (Swamp:2)
  A manticore (D:9)
  A troll (D:12)
  2 bloated husks (Swamp:1)
  A tyrant leech (Lair:6)
  A hog (D:15)
  A human (D:15)
  A swamp worm (Swamp:1)
  A centaur (D:11)
  3 orcs
  A kobold (D:7)
  2 briar patches (Swamp:2)
  10 foxfires
  87 fungi
  160 plants
276 creatures vanquished.

Grand Total: 976 creatures vanquished

Notes
Turn   | Place    | Note
-------+----------+-------------------------------------------
     0 | D:1      | poop123 the Troll Monk began the quest for the Orb.
     0 | D:1      | Reached XP level 1. HP: 22/22 MP: 0/0
    95 | D:1      | Reached XP level 2. HP: 29/29 MP: 1/1
   227 | D:1      | Found a faded altar of an unknown god.
   290 | D:1      | Reached XP level 3. HP: 34/36 MP: 2/2
   344 | D:1      | Became a worshipper of Ru the Awakened
   357 | D:1      | Gained mutation: You are missing an eye, making it more
                  | difficult to aim. [Ru sacrifice]
   357 | D:1      | Reached * piety under Ru
   916 | D:2      | Reached skill level 4 in Unarmed Combat
   918 | D:2      | Reached XP level 4. HP: 42/44 MP: 3/3
  1585 | D:3      | Reached skill level 5 in Unarmed Combat
  1585 | D:3      | Reached XP level 5. HP: 39/52 MP: 4/4
  1827 | D:3      | Found an ornate altar of the Wu Jian Council.
  2110 | D:4      | Found a bloodstained altar of Trog.
  2110 | D:4      | Found a shimmering altar of Xom.
  2137 | D:4      | Gained mutation: You are slightly weak-willed. (Will-) [Ru
                  | sacrifice]
  2137 | D:4      | Reached ** piety under Ru
  2189 | D:4      | Reached skill level 6 in Unarmed Combat
  2189 | D:4      | Reached XP level 6. HP: 31/59 MP: 5/5
  2277 | D:4      | Noticed Pikel
  2363 | D:4      | Killed Pikel
  2364 | D:4      | Reached skill level 8 in Unarmed Combat
  2364 | D:4      | Reached XP level 7. HP: 47/66 MP: 6/6
  2827 | D:4      | Found a basalt altar of Yredelemnul.
  2830 | D:4      | Found a sacrificial altar of Ru.
  2837 | D:4      | Found a stormy altar of Qazlal.
  2963 | D:4      | Reached skill level 9 in Unarmed Combat
  3045 | D:5      | Entered Level 5 of the Dungeon
  3152 | D:5      | Reached XP level 8. HP: 67/74 MP: 7/7
  3320 | D:5      | Found a hide-covered altar of Uskayaw.
  3686 | D:5      | Reached skill level 10 in Unarmed Combat
  3746 | D:5      | Reached skill level 11 in Unarmed Combat
  3845 | D:5      | Reached XP level 9. HP: 80/80 MP: 8/8
  4072 | D:6      | Reached skill level 12 in Unarmed Combat
  4345 | D:6      | Noticed Menkaure
  4422 | D:6      | Killed Menkaure
  4554 | D:6      | Noticed Eustachio
  4566 | D:6      | Killed Eustachio
  4777 | D:6      | Gained mutation: You are somewhat unskilled. (-1 Apt) [Ru
                  | sacrifice]
  4777 | D:6      | Reduced skill Unarmed Combat to level 11
  4777 | D:6      | Reached *** piety under Ru
  4777 | D:6      | Reached **** piety under Ru
  4996 | D:6      | Reached skill level 12 in Unarmed Combat
  5351 | D:7      | Found a staircase to the Ecumenical Temple.
  5404 | D:7      | Noticed Harold
  5445 | D:7      | Killed Harold
  5446 | D:7      | Reached skill level 13 in Unarmed Combat
  5446 | D:7      | Reached XP level 10. HP: 38/88 MP: 9/9
  5622 | D:7      | Found an ancient bone altar of Kikubaaqudgha.
  6486 | D:9      | Found a staircase to the Lair.
  6518 | D:8      | Reached skill level 14 in Unarmed Combat
  6731 | D:9      | Noticed a manticore
  6743 | D:9      | Killed a manticore
  6887 | D:9      | Noticed a tengu warrior
  6910 | D:9      | Killed a tengu warrior
  6911 | D:9      | Reached skill level 1 in Evocations
  6924 | D:9      | Gained mutation: You cannot study or use magical devices.
                  | [Ru sacrifice]
  6924 | D:9      | Reached ***** piety under Ru
  7103 | D:10     | Entered Level 10 of the Dungeon
  7108 | D:9      | Identified a scroll of acquirement
  7158 | D:10     | Reached skill level 15 in Unarmed Combat
  7216 | D:10     | Reached XP level 11. HP: 69/96 MP: 10/10
  7348 | D:10     | Found a flagged portal.
  7362 | Bailey   | Entered a bailey
  8315 | D:10     | Noticed a wizard
  8328 | D:10     | Killed a wizard
  8735 | D:11     | Paralysed by a hornet for 2 turns
  8744 | D:11     | Reached skill level 16 in Unarmed Combat
  9310 | D:11     | Noticed a fire dragon
  9320 | D:11     | Killed a fire dragon
  9448 | D:11     | Gained mutation: You cannot study or cast Ice magic. [Ru
                  | sacrifice]
  9448 | D:11     | Gained mutation: You cannot study or cast Hexes magic. [Ru
                  | sacrifice]
  9448 | D:11     | Gained mutation: You cannot study or cast Translocations
                  | magic. [Ru sacrifice]
  9448 | D:11     | Reached ****** piety under Ru
  9478 | D:12     | Noticed Rupert
  9719 | Lair:1   | Entered Level 1 of the Lair of Beasts
  9738 | Lair:1   | Reached skill level 1 in Armour
  9771 | Lair:1   | Reached skill level 17 in Unarmed Combat
  9949 | Lair:1   | Noticed Nergalle
  9960 | Lair:1   | Killed Nergalle
  9961 | Lair:1   | Reached XP level 12. HP: 51/104 MP: 2/11
 10028 | Lair:1   | Noticed a five-headed hydra
 10033 | Lair:1   | Killed a five-headed hydra
 10216 | Lair:1   | Noticed Maggie
 10244 | Lair:1   | Killed Maggie
 11201 | Lair:2   | Noticed a seven-headed hydra
 11206 | Lair:2   | Killed a nine-headed hydra
 11207 | Lair:2   | Reached skill level 18 in Unarmed Combat
 11485 | Lair:2   | Reached skill level 5 in Armour
 12068 | Lair:2   | Noticed an eight-headed hydra
 12076 | Lair:2   | Killed a nine-headed hydra
 12435 | Lair:3   | Found a hole to the Spider Nest.
 12441 | Lair:2   | Acquired 1190 gold pieces
 12442 | Lair:2   | Acquired the ring "Dejorghuo" {Fire rN+ Int+6}
 12488 | Lair:3   | Found a dark tunnel.
 12495 | Volcano  | Entered a volcano
 12800 | Volcano  | Found a burning altar of Makhleb.
 12813 | Volcano  | Reached XP level 13. HP: 63/105 MP: 12/12
 13413 | Lair:3   | Reached skill level 19 in Unarmed Combat
 13864 | Lair:3   | Found a staircase to the Swamp.
 14198 | Lair:3   | Reached skill level 1 in Throwing
 15730 | Lair:5   | Found a staircase to the Slime Pits.
 16149 | Lair:5   | Reached skill level 20 in Unarmed Combat
 16788 | Lair:6   | Entered Level 6 of the Lair of Beasts
 17075 | Lair:6   | Reached XP level 14. HP: 99/114 MP: 13/13
 17291 | Lair:6   | Learned a level 6 spell: Statue Form
 17338 | Lair:6   | Noticed Josephine
 17350 | Lair:6   | Killed Josephine
 18019 | Lair:6   | Upgraded the game from 0.28-a0-556-gab23d0e057 to
                  | 0.28-a0-563-gf77a47075d
 18173 | Lair:6   | Reached skill level 21 in Unarmed Combat
 18256 | Lair:6   | Acquired the ring of Uskayaw's Outrage {+Blink rPois rF+
                  | rN+ Stlth+}
 18341 | Swamp:1  | Entered Level 1 of the Swamp
 18518 | Swamp:1  | Paralysed by a hornet for 2 turns
 18846 | Swamp:1  | Acquired the +0 ice dragon scales "Siat" {rF- rC++ Dex+2}
 19168 | Swamp:2  | Noticed a thorn hunter
 19589 | Spider:1 | Entered Level 1 of the Spider Nest
 19599 | Lair:3   | Reached skill level 1 in Earth Magic
 19668 | Spider:1 | Noticed Nikola
 19999 | Spider:1 | Noticed Mlioglotl
 20218 | D:12     | Noticed Gastronok
 20452 | D:12     | Killed Gastronok
 20453 | D:12     | Reached skill level 1 in Transmutations
 20526 | D:12     | Reached XP level 15. HP: 125/127 MP: 14/14
 20613 | D:12     | Paralysed by an ogre mage for 6 turns
 20894 | D:12     | Paralysed by Rupert for 4 turns
 20902 | D:12     | Killed Rupert
 21222 | D:12     | Found a staircase to the Orcish Mines.
 21746 | D:13     | Reached skill level 22 in Unarmed Combat
 22036 | D:13     | Found a gate to the Vaults.
 22329 | D:13     | Noticed Maurice
 22334 | D:13     | Killed Maurice
 22343 | D:13     | Found a runed translucent door.
 22343 | D:13     | Noticed Atlas's ghost (journeyman DgEE)
 22638 | D:13     | Killed Atlas's ghost
 23070 | D:14     | Found a runed translucent gate.
 23070 | D:14     | Found a runed translucent gate.
 23070 | D:14     | Found a runed translucent gate.
 23096 | D:14     | Noticed a tengu reaver
 23149 | D:14     | Noticed Agnes
 23345 | D:14     | Found a portal to a secret trove of treasure.
 23635 | D:14     | Killed Agnes
 23691 | D:14     | Found a runed translucent gate.
 23691 | D:14     | Found a runed translucent gate.
 23691 | D:14     | Found a runed translucent gate.
 24273 | D:15     | Entered Level 15 of the Dungeon
 24273 | D:15     | Noticed Kirke
 24290 | D:15     | Killed Kirke
 24404 | D:15     | Slain by a two-headed ogre

Illustrated notes

Levels and vault maps discovered:
D:1:      psy_arrival_whirlpool, layout_loops_ring,
          hellmonk_ecumenical_altar_heavens_door, minmay_surrounded
D:2:      layout_loops_cross
D:3:      layout_loops_cross, mainiacjoe_overflow_alcove_4, minmay_vboxes
D:4:      layout_loops_corners, mainiacjoe_overflow_divided_tiny,
          grunt_temple_overflow_diamond, abandoned_shop, uniq_pikel
D:5:      layout_cave_pods, lemuel_crystal_altar
D:6:      layout_basic, amcnicky_mini_rare_corridor_liquid,
          kennysheep_generic_room_8, uniq_eustachio, uniq_menkaure
D:7:      layout_rooms, amcnicky_altar_gilded,
          minmay_temple_entry_gardened_gates, uniq_harold
D:8:      layout_rooms
D:9:      layout_rooms, due_lair_maze_entry_diamond
D:10:     layout_basic, enter_bailey_4
D:11:     layout_gridville, special_room [special_room_orc]
D:12:     layout_basic, david_orc_1_choice, chequers_serial_rivers_room_b,
          roderic_roman_lattice, uniq_rupert, uniq_gastronok
D:13:     layout_irregular_city, lightli_vaults_fourway_checkpoint,
          hellmonk_ghost_happy_afterlife, uniq_maurice
D:14:     kennysheep_treasure_stockpile, layout_gridville, hex_medium,
          nicolae_trove_entry_diagonal, corner_web_ring, hive_lemuel, uniq_agnes
D:15:     gammafunk_enter_depths_forms, layout_rooms, minivault_26,
          serial_shops, shop, lemuel_flamethrower_3, uniq_kirke
Lair:1:   layout_small_grid, infiniplex_staircase_pool_2, uniq_nergalle,
          uniq_maggie
Lair:2:   layout_layer_cave, pond
Lair:3:   layout_cave_pods, palyth_hydra_swamp_entry,
          nicolae_spider_entry_non_spiders, nicolae_volcano_entry_s_turn,
          serial_rivers, chequers_serial_rivers_room_a,
          chequers_serial_rivers_micro_e, chequers_serial_rivers_small_b,
          chequers_serial_rivers_large_a
Lair:4:   layout_regular_city, serial_forest, infiniplex_forest_lined_4_way,
          infiniplex_forest_lined_corner, infiniplex_forest_straight_4,
          infiniplex_forest_join, infiniplex_forest_straight_3,
          infiniplex_forest_clump_small, infiniplex_forest_clump_small,
          infiniplex_forest_lined_room_3, infiniplex_forest_side_room,
          infiniplex_forest_lined_2, amcnicky_mini_pool_medium
Lair:5:   layout_regular_city, minmay_slime_entry_pillars
Lair:6:   minmay_lair_end_frog_pond, layout_loops_ring, uniq_josephine
Swamp:1:  layout_basic_swamp, serial_swamp_ruin, evilmike_swamp_ruin_house_5,
          evilmike_swamp_ruin_house_6
Swamp:2:  layout_falls_marsh, nicolae_swamp_feature_on_the_river_bank,
          infiniplex_staircase_pool
Spider:1: layout_spider_delve, drop_trap, uniq_nikola, uniq_mlioglotl

Skill      XL: |  1  2  3  4  5  6  7  8  9 10 11 12 13 14 15 |
---------------+----------------------------------------------+-----
Unarmed Combat | 4 5 6 8 9 11 13 15 17 18 20 21 22 | 22.9
Evocations     | 0 |  0.0
Armour         | 2 5 6 8 |  8.1
Throwing       | 1 |  1.9
Fighting       | 3 4 |  4.6
Earth Magic    | 1 3 |  3.1
Transmutations | 1 2 |  2.6
Dodging        | |  2.6
Stealth        | |  1.0

Action                   |  1- 3 |  4- 6 |  7- 9 | 10-12 | 13-15 || total
-------------------------+-------+-------+-------+-------+-------++-------
Melee: Unarmed           |   129 |   196 |   304 |   782 |  1082 ||  2493
       Punch             |     2 |     1 |    16 |    56 |    79 ||   154
Throw: Large rock        |       |       |       |       |    17 ||    17
       Throwing net      |       |       |       |       |     7 ||     7
Invok: Sacrifice an Eye  |     1 |       |       |       |       ||     1
       Sacrifice Essence |       |     1 |       |       |       ||     1
       Draw Out Power    |       |       |     1 |    11 |     6 ||    18
       Sacrifice Skill   |       |       |     1 |       |       ||     1
       Sacrifice Artific |       |       |       |     1 |       ||     1
       Apocalypse        |       |       |       |     4 |    14 ||    18
       Sacrifice Arcana  |       |       |       |     1 |       ||     1
Evoke: Wand              |       |       |     2 |     5 |       ||     7
  Use: Potion            |       |       |     9 |     3 |     6 ||    18
       Scroll            |       |       |     4 |    16 |    10 ||    30
 Stab: Sleeping          |     1 |     5 |     4 |       |       ||    10
       Invisible         |       |     1 |     1 |    13 |    20 ||    35
       Distracted        |       |       |     2 |     7 |     6 ||    15
       Paralysed         |       |       |       |    10 |    26 ||    36
       Petrified         |       |       |       |     3 |       ||     3
Armor: Robe              |    42 |    45 |    91 |   162 |       ||   340
       Skin              |       |       |    19 |       |       ||    19
       Acid dragon scale |       |       |       |   119 |    50 ||   169
       Fire dragon scale |       |       |       |       |   478 ||   478
Dodge: Dodged            |    77 |    81 |   119 |   576 |   409 ||  1262

Table legend: (Time is in decaauts)
 A = Elapsed time spent in this place.
 B = Non-inter-level travel time spent in this place.
 C = Inter-level travel time spent in this place.
 D = Time resting spent in this place.
 E = Time spent auto-exploring this place.
 F = Levels seen in this place.
 G = Mean time per level.
                   A        B        C        D        E       F      G
               +--------+--------+--------+--------+--------+-----+--------+
         Total |  23847 |  22134 |   1713 |   2818 |  14247 |  26 |  917.2 |
       Dungeon |  13203 |  12125 |   1078 |   1134 |   8155 |  15 |  880.2 |
          Lair |   8365 |   7841 |    524 |   1286 |   5093 |   6 | 1394.2 |
         Swamp |   1003 |    894 |    109 |    240 |    366 |   2 |  501.5 |
   Spider Nest |     39 |     39 |      0 |      0 |      0 |   1 |   39.0 |
        Bailey |    511 |    511 |      0 |     11 |    262 |   1 |  511.0 |
       Volcano |    724 |    724 |      0 |    146 |    371 |   1 |  724.0 |
               +--------+--------+--------+--------+--------+-----+--------+

Top non-repeatable levels by time:
  Lair:3: 2092 daAuts
    D:14: 1552 daAuts
  Lair:2: 1417 daAuts
     D:6: 1373 daAuts
  Lair:1: 1342 daAuts
  Lair:5: 1340 daAuts
    D:12: 1274 daAuts
  Lair:6: 1217 daAuts
    D:10: 1150 daAuts
     D:4: 1086 daAuts
  Lair:4: 954 daAuts
     D:5: 927 daAuts
    D:11: 921 daAuts
 Swamp:1: 916 daAuts
    D:13: 893 daAuts
